← All builds
Suicide front / Armada / Factory first / OBSERVED BUILD

Standard suicide front

Armada Suicide front build order · Supreme Isthmus

The role's baseline: Bot Lab at 0:21 then straight into reclaim-fed T1 bot production to contest the middle and hold until T2 arrives, with an Advanced Metal Extractor around 9:45.

#rush · 2028 distinct matches · 233 players · 72% of Armada Suicide front games · team won 59% of 2406 · Recently observed

HOW TO PLAY IT

Key timing: Bot Lab by 0:20

  1. Open with mex and lab-first to get Bot Lab up by 0:20.
  2. Expand mex and wind while lab pumps units toward middle.
  3. Push Sentry and early Rocketeer, Centurion to contest middle.
  4. Get T2 constructor out once Pond's boost lets you spare metal.
  5. Upgrade mex to Advanced Metal Extractor as you transition off T1 spam.

Phase by phase

TYPICAL OF ITS 2028 GAMES
  1. 1
  2. 2
  3. 3
PLAY THE OPENING

Follow the example game's first 6:00 step by step: what to build now, what comes next, and where it goes. At 1× it keeps pace with your own game.

  1. 1

    Bot Lab first

    Order
    1. Bot LabBot Lab done ~0:24, middle half 0:20–0:33

    Some games also: mex (44%)

  2. 2

    Bot Lab to 5:00

    Economy
    • Metal Extractor5Mex
    • Wind Turbine4Wind
    Builders
    • Construction Bot3 Con bot
    • Lazarus2 Lazarus
    Army
    • Sentry4 Sentry
    • Rocketeer16 Rocketeer
    • Tick2 Tick
    • Centurion1 Centurion
    Other
    • Radar Tower1 Radar Tower

    Some games also: pawn (38%) · con turret (34%)

    By 5:00 in all: 5 mex · 4 wind

    The example game in this phase · 24 steps
    1. Wind
    2. LazarusLazarus
    3. Wind
    4. SentrySentry
    5. CenturionCenturion
    6. Mex ×2
    7. LazarusLazarus
    8. Mex
    9. CenturionCenturion
    10. SentrySentry
    11. Construction BotCon bot
    12. SentrySentry
    13. Mex
    14. Construction BotCon bot
    15. SentrySentry
    16. RocketeerRocketeer ×3
    17. SentrySentry
    18. RocketeerRocketeer ×2
    19. TickTick
    20. LazarusLazarus
    21. RocketeerRocketeer ×5
    22. TickTick
    23. LazarusLazarus
    24. Construction BotCon bot ×2
  3. 3

    5:00 to 10:00

    Economy
    • Metal Extractor1Mex
    • Wind Turbine15Wind
    Builders
    • Construction Turret2 Con turret
    • Lazarus2 Lazarus
    • Construction Bot1 Con bot
    Army
    • Sentry1 Sentry
    • Rocketeer8 Rocketeer

    Some games also: pawn (49%) · Radar Tower (46%) · tick (45%) · centurion (44%) · energy storage (42%) · eat Bot Lab (31%)

    By 10:00 in all: 6 mex · 21 wind · 1 energy storage · 2 con turret

    The example game in this phase · 136 steps
    1. RocketeerRocketeer ×3
    2. LazarusLazarus
    3. RocketeerRocketeer ×2
    4. TickTick
    5. LazarusLazarus
    6. Construction BotCon bot
    7. RocketeerRocketeer ×3
    8. Wind
    9. RocketeerRocketeer
    10. ThugThug
    11. Wind
    12. RocketeerRocketeer
    13. Wind ×2
    14. TickTick
    15. LazarusLazarus
    16. Wind
    17. RocketeerRocketeer
    18. Wind
    19. RocketeerRocketeer
    20. Wind
    21. RocketeerRocketeer
    22. Wind ×2
    23. RocketeerRocketeer
    24. Wind
    25. CenturionCenturion
    26. ThugThug
    27. RocketeerRocketeer
    28. WhistlerMissile truck
    29. TickTick
    30. LazarusLazarus
    31. RocketeerRocketeer
    32. Advanced Metal ExtractorT2 mexdone 10:11 · typical 9:46
    33. RocketeerRocketeer
    34. Construction BotCon bot
    35. LazarusLazarus
    36. TickTick
    37. RocketeerRocketeer
    38. LazarusLazarus
    39. TickTick
    40. Construction BotCon bot
    41. PawnPawn ×2
    42. BlitzBlitz
    43. PawnPawn ×2
    44. Wind
    45. PawnPawn ×2
    46. Wind
    47. PawnPawn
    48. Wind
    49. PawnPawn ×2
    50. Wind
    51. PawnPawn
    52. Wind
    53. PawnPawn
    54. Advanced Metal ExtractorT2 mex
    55. PawnPawn
    56. Wind
    57. PawnPawn
    58. Wind
    59. PawnPawn ×2
    60. Wind
    61. PawnPawn
    62. BlitzBlitz
    63. PawnPawn
    64. Wind
    65. BlitzBlitz
    66. PawnPawn
    67. BlitzBlitz
    68. Wind
    69. PawnPawn
    70. RocketeerRocketeer
    71. PawnPawn
    72. Wind
    73. PawnPawn ×2
    74. BlitzBlitz
    75. Wind
    76. PawnPawn ×2
    77. GruntGrunt
    78. PawnPawn
    79. Wind
    80. RocketeerRocketeer
    81. PawnPawn
    82. GruntGrunt
    83. PawnPawn
    84. Wind
    85. PawnPawn
    86. RocketeerRocketeer
    87. PawnPawn
    88. Wind
    89. BlitzBlitz
    90. PawnPawn
    91. RocketeerRocketeer
    92. PawnPawn
    93. Wind
    94. PawnPawn
    95. RocketeerRocketeer
    96. Advanced Metal ExtractorT2 mex
    97. PawnPawn
    98. Wind
    99. RocketeerRocketeer
    100. PawnPawn
    101. RocketeerRocketeer
    102. Wind
    103. PawnPawn
    104. BlitzBlitz
    105. PawnPawn
    106. Wind
    107. BlitzBlitz
    108. PawnPawn
    109. Wind
    110. TickTick
    111. PawnPawn ×2
    112. Wind
    113. GruntGrunt
    114. RocketeerRocketeer
    115. PawnPawn
    116. Wind
    117. PawnPawn ×2
    118. Wind
    119. PawnPawn
    120. RocketeerRocketeer
    121. GruntGrunt
    122. PawnPawn
    123. Wind
    124. PawnPawn
    125. RocketeerRocketeer
    126. PawnPawn
    127. Wind
    128. PawnPawn
    129. BlitzBlitz
    130. PawnPawn
    131. BlitzBlitz
    132. PawnPawn
    133. Wind
    134. PawnPawn
    135. Wind
    136. PawnPawn

Counts are medians over the build's games: half of them build more, half fewer. The example game is [Crd]HahnII's (32 OS, 06/10/2026); pick another.

Team trades

IN AT LEAST 30% OF ITS GAMES

You hand over

Nothing regular.

You get

  • Tidal Generator4 Tidal from Pondfirst at 0:10 · in 68% of games
  • Advanced Construction Bot1 T2 con bot from Geo or Techfirst at 7:41 · in 57% of games

How it plays out

Typical game of this build, running totals by minute

Metal produced

010k20k
0:005:0010:0015:00

metal

Enemy metal destroyed

05k10k
0:005:0010:0015:00

metal

Own metal lost

05k10k
0:005:0010:0015:00

metal

2406 games.

Show as table
ByMetal produced: This buildEnemy metal destroyed: This buildOwn metal lost: This build
1:0023000
2:0088700
3:002008184130
4:003109645501
5:00418413531000
6:00534721831707
7:00654330512589
8:00776039363499
9:00904646894375
10:001041253125161
11:001188958585966
12:001357864076686
13:001539668767455
14:001729675048213
15:001925281069007
WHAT THE NUMBERS SAY

Standard Suicide front play wins a bit over half its games while taking the heaviest own losses of any role by 15:00.

  • + Produces 20142 metal by 15:00, highest of the front roles.
  • + First kill by 2:01 in all games, fastest contest of middle.
  • − Own metal lost hits 9178 by 15:00, more than enemy metal destroyed.
  • − Only 34% Rocketeer share shows army spread thin across many bot types.
THE EXAMPLE YOU ARE READING

[Crd]HahnII

31.8 OS · 06/10/2026

Open source match ↗

5 received units · includes a constructor
135 metal received · 9381 energy received

Allied construction assistance is unknown. Timings are observations, not a promise of solo reproducibility.

Typical milestones

Bot Lab0:24Middle 50%: 0:20–0:33 · n=2398
Advanced Metal Extractor9:46Middle 50%: 8:50–10:58 · n=1738

Played most by

_X_262games of this buildPlatinumBlonde188games of this buildXad166games of this buildTrapCaT109games of this buildSoliloqueur81games of this build